FIQ, lawful female dwarven Valkyrie ----- ------- |<..--- ------.......-- |.....---|.........-.... --..|....|.---------|..| --.|-.....- --.- --|....... -.- ----.|.. ...- --- ..|....%..-- ------ .........[..-- |%%[(| ...---....|%... ..@.| ..... |...|...%. -|- --- -.... ------..%. --- --.-.-...-|...- --... .. |..|-.........|..-- -.. | |..-............. -----..u..{....-- |..............-- ||--.--.........| .. |...| --..------- .. |...| ---- ----- FIQ the Skirmisher Experience level: 4 Strength: 18/01 Dexterity: 13 Constitution: 17 Intelligence: 7 Wisdom: 10 Charisma: 7 Health: 0(50) Energy: 4(4) Def: 5 Gold: 354 Moves: 2117 Dungeon seed: CzLkwStYJJyNbOUo Game ID: FIQ_1464743981 Your Inventory: Coins $ - 354 gold pieces Weapons a - a +1 long sword (weapon in hand) l - a +0 dagger Armor e - a blessed +4 small shield (being worn) Scrolls m - a blessed scroll of light Wands f - a wand of make invisible (0:2) Tools b - an uncursed bag of holding t - an uncursed towel Gems n - an uncursed worthless piece of green glass Contents of the bag of holding: an uncursed food ration an uncursed lembas wafer an uncursed scroll of identify a cursed scroll of light Spells and supernatural/magical abilities: Name Level Category Fail Memory W - pray for help -- divine ? -- Your skills at the end: Fighting Skills wands [Basic] Weapon Skills dagger [Basic] long sword [Basic] Spellcasting Skills Final Attributes: You were piously aligned. You were cold resistant. You had infravision. You were invisible. You were stealthy. You are dead. Vanquished creatures: a leprechaun a shrieker a little dog a floating eye a homunculus a dwarf zombie 3 cave spiders a brown mold a yellow mold a green mold a red mold 5 gnomes 3 garter snakes 5 jackals 2 foxes a kobold a goblin 2 sewer rats 8 grid bugs 2 lichens a newt 43 creatures vanquished. Voluntary challenges: You used a wielded weapon 45 times, starting on turn 189. You read items or engraved 52 times, starting on turn 22. You never genocided any monsters. You never polymorphed an object. You never changed form. You used no wishes. You never split a pudding. You wrote Elbereth's name 47 times, starting on turn 22. You never violated your personal moral code. Dungeon overview: The Dungeons of Doom: levels 1 to 3 Level 1 a fountain a long staircase Level 2 Level 3 a sink stairs to The Gnomish Mines The Gnomish Mines: levels 4 to 6 Level 4 stairs to The Dungeons of Doom Level 5 Level 6 <- You were here a delicatessen, a fountain History has recorded: On T:1 you entered the Dungeons of Doom to retrieve the Amulet of Yendor! On T:316 you reached level 2 of The Dungeons of Doom. On T:397 you advanced to experience level 2. On T:852 you reached level 3 of The Dungeons of Doom. On T:1301 you reached level 1 of The Gnomish Mines. On T:1323 you advanced to experience level 3. On T:1481 you reached level 2 of The Gnomish Mines. On T:1760 you advanced to experience level 4. On T:1814 you reached level 3 of The Gnomish Mines. Score breakdown: Gold: 354 ( 8674 points) Experience: 4 levels ( 9649 points) Exploration: 6 levels ( 12.24%) ( 9682 points) Discoveries: 5 items ( 2.01%) ( 4251 points) Valuables value: (no points given unless you survive) Artifact value: 0 ( 0 points) Variety of kills: 21 monsters ( 5.48%) ( 7024 points) Turncount: 2117 turns ( -84 points) Survival: died (score multiplied by 80%) Total score: 31356 Latest messages: You hear crashing rock. You add to the writing in the dust with your fingers. (2x) The rothe turns to flee! You add to the writing in the dust with your fingers. (2x) The watchman bumps right into you! You add to the writing in the dust with your fingers. (3x) The dungeon acoustics noticeably change. The black unicorn turns to flee! You add to the writing in the dust with your fingers. (3x) You hear crashing rock. You add to the writing in the dust with your fingers. You hit the black unicorn! The black unicorn butts! The black unicorn kicks! The black unicorn butts! The black unicorn kicks! You begin praying to Tyr. The black unicorn butts! The black unicorn just misses! The black unicorn butts! You die... Final status: Farvel FIQ the Valkyrie, killed by a black unicorn, while praying... You died in The Gnomish Mines on dungeon level 6 with 31356 points, and 354 pieces of gold, after 2117 moves. You were level 4 with a maximum of 50 hit points when you died.